2321 views
Uploaded 2022-04-23 02:29:58
Game version 1.32.10
30:00 long 3on3 ladder game on (6)GnollWood
Saved by GIGA
2321 views
Uploaded 2022-04-23 02:29:58
Game version 1.32.10
30:00 long 3on3 ladder game on (6)GnollWood


88 units @ 8.7k
/ 1.1k
148 buildings @ 10.5k
/ 4.9k


| Peasant | 16 | 1200 | / | 0 |
| Dragonhawk Rider | 9 | 1800 | / | 270 |
| total: | 25 | 3000g | / | 270w |
| Scout Tower | 52 | 1560 | / | 1040 |
| Arcane Tower | 4 | 280 | / | 200 |
| Guard Tower | 16 | 1120 | / | 800 |
| Altar of Kings | 1 | 180 | / | 50 |
| Farm | 9 | 720 | / | 180 |
| Lumber Mill | 2 | 240 | / | 0 |
| Arcane Vault | 1 | 130 | / | 30 |
| Gryphon Aviary | 1 | 140 | / | 150 |
| Arcane Sanctum | 1 | 150 | / | 140 |
| Keep | 1 | 320 | / | 210 |
| Castle | 2 | 720 | / | 420 |
| total: | 67 | 3120g | / | 1590w |
| 0:03 | Peasant |
| 0:03 | Peasant |
| 0:05 | Altar of Kings |
| 0:09 | Farm |
| 0:10 | Farm |
| 0:15 | Peasant |
| 0:23 | Lumber Mill |
| 0:30 | Peasant |
| 0:43 | Farm |
| 0:50 | Peasant |
| 0:50 | Peasant |
| 0:58 | Scout Tower |
| 1:01 | Peasant |
| 1:11 | Peasant |
| 1:24 | Peasant |
| 1:28 | Improved Lumber Harvesting |
| 1:43 | Peasant |
| 1:44 | Peasant |
| 1:48 | Arcane Tower |
| 2:04 | Peasant |
| 2:19 | Peasant |
| 2:19 | Peasant |
| 2:22 | Scout Tower |
| 2:23 | Scout Tower |
| 2:24 | Scout Tower |
| 2:30 | Peasant |
| 2:55 | Storm Bolt |
| 3:27 | Peasant |
| 3:29 | Guard Tower |
| 3:41 | Scout Tower |
| 3:42 | Scout Tower |
| 3:48 | Scout Tower |
| 3:53 | Scout Tower |
| 4:14 | Guard Tower |
| 4:21 | Keep |
| 4:30 | Guard Tower |
| 4:32 | Scout Tower |
| 4:33 | Scout Tower |
| 4:37 | Scout Tower |
| 4:38 | Scout Tower |
| 4:50 | Improved Masonry |
| 5:27 | Arcane Tower |
| 5:28 | Guard Tower |
| 5:30 | Scout Tower |
| 5:32 | Scout Tower |
| 5:37 | Scout Tower |
| 5:57 | Guard Tower |
| 6:02 | Scout Tower |
| 6:03 | Scout Tower |
| 6:07 | Scout Tower |
| 6:08 | Scout Tower |
| 6:13 | Scout Tower |
| 6:20 | Scout Tower |
| 6:20 | Scout Tower |
| 6:24 | Scout Tower |
| 6:25 | Scout Tower |
| 6:26 | Scout Tower |
| 6:43 | Guard Tower |
| 6:46 | Guard Tower |
| 6:56 | Guard Tower |
| 7:00 | Scout Tower |
| 7:08 | Scout Tower |
| 7:14 | Guard Tower |
| 7:16 | Scout Tower |
| 7:17 | Scout Tower |
| 7:19 | Scout Tower |
| 7:34 | Advanced Masonry |
| 7:37 | Guard Tower |
| 7:41 | Guard Tower |
| 7:49 | Scout Tower |
| 7:49 | Scout Tower |
| 7:50 | Scout Tower |
| 7:54 | Guard Tower |
| 7:57 | Scout Tower |
| 8:04 | Scout Tower |
| 8:04 | Scout Tower |
| 8:08 | Scout Tower |
| 8:09 | Scout Tower |
| 8:10 | Scout Tower |
| 8:43 | Castle |
| 8:46 | Guard Tower |
| 8:54 | Scout Tower |
| 8:54 | Scout Tower |
| 8:55 | Scout Tower |
| 8:56 | Scout Tower |
| 9:52 | Guard Tower |
| 9:54 | Scout Tower |
| 9:55 | Scout Tower |
| 10:01 | Scout Tower |
| 10:01 | Scout Tower |
| 10:07 | Scout Tower |
| 10:08 | Scout Tower |
| 10:10 | Arcane Tower |
| 10:24 | Holy Light |
| 10:45 | Gryphon Aviary |
| 10:49 | Arcane Vault |
| 11:19 | Imbued Masonry |
| 11:40 | Cloud |
| 11:55 | Guard Tower |
| 12:11 | Scout Tower |
| 12:12 | Scout Tower |
| 12:12 | Scout Tower |
| 13:06 | Guard Tower |
| 13:25 | Arcane Sanctum |
| 13:55 | Farm |
| 13:57 | Farm |
| 13:59 | Farm |
| 14:00 | Farm |
| 14:15 | Farm |
| 14:33 | Arcane Tower |
| 14:51 | Lumber Mill |
| 15:10 | Dragonhawk Rider |
| 15:10 | Dragonhawk Rider |
| 15:11 | Dragonhawk Rider |
| 16:00 | Dragonhawk Rider |
| 16:04 | Farm |
| 19:09 | Storm Bolt |
| 21:25 | Dragonhawk Rider |
| 21:25 | Dragonhawk Rider |
| 26:00 | Dragonhawk Rider |
| 26:00 | Dragonhawk Rider |
| 26:00 | Dragonhawk Rider |
| 28:04 | Holy Light |
| Right click | 2014 |
| Select group | 949 |
| Select | 433 |
| Build/train/purchase | 68 |
| Minimap ping | 30 |
| Use ability | 26 |
| Misc. action | 23 |
| Assign group | 15 |
| Resource trade | 8 |
| Chat | 8 |
| Esc | 2 |
Cabeelibob
(194)
(29:52) : 
| Healing Salve | 4 | 400 |
| Lesser Clarity Potion | 6 | 420 |
| Orb of Lightning | 2 | 750 |
| Potion of Healing | 1 | 150 |
| Tiny Great Hall | 2 | 1200 |
| Potion of Mana | 1 | 200 |
| Staff of Teleportation | 1 | 150 |
| Boots of Speed | 1 | 250 |
| Circlet of Nobility | 1 | 175 |
| total: | 19 | 3695g |
| Peon | 16 | 1200 | / | 0 |
| Troll Witch Doctor | 4 | 580 | / | 100 |
| total: | 20 | 1780g | / | 100w |
| Watch Tower | 9 | 990 | / | 720 |
| Altar of Storms | 1 | 180 | / | 50 |
| Orc Burrow | 2 | 320 | / | 80 |
| War Mill | 2 | 410 | / | 0 |
| Voodoo Lounge | 3 | 390 | / | 90 |
| Great Hall | 2 | 770 | / | 370 |
| Spirit Lodge | 1 | 150 | / | 150 |
| Stronghold | 1 | 315 | / | 190 |
| Fortress | 1 | 325 | / | 190 |
| total: | 20 | 3210g | / | 1460w |
| 0:04 | Altar of Storms |
| 0:07 | Orc Burrow |
| 0:23 | Peon |
| 0:33 | Peon |
| 0:55 | Peon |
| 0:55 | Peon |
| 1:09 | War Mill |
| 1:15 | Orc Burrow |
| 1:45 | Peon |
| 1:45 | Peon |
| 2:01 | Peon |
| 2:07 | Voodoo Lounge |
| 2:10 | Wind Walk |
| 3:05 | Peon |
| 3:06 | Peon |
| 3:06 | Peon |
| 3:26 | Voodoo Lounge |
| 3:27 | Peon |
| 3:32 | Peon |
| 3:56 | Watch Tower |
| 4:14 | Watch Tower |
| 4:14 | Watch Tower |
| 4:35 | Peon |
| 4:35 | Peon |
| 5:18 | Watch Tower |
| 5:28 | Watch Tower |
| 5:29 | Peon |
| 5:52 | Great Hall |
| 5:55 | Staff of Teleportation |
| 5:55 | Boots of Speed |
| 5:58 | Circlet of Nobility |
| 6:16 | Healing Salve |
| 6:16 | Lesser Clarity Potion |
| 6:25 | Voodoo Lounge |
| 7:26 | Peon |
| 7:54 | Watch Tower |
| 8:08 | Critical Strike |
| 10:12 | Stronghold |
| 10:16 | Lesser Clarity Potion |
| 12:18 | Lesser Clarity Potion |
| 12:19 | Healing Salve |
| 12:34 | Fortress |
| 13:04 | Spirit Lodge |
| 14:18 | Witch Doctor Adept Training |
| 15:09 | Critical Strike |
| 15:41 | Reinforced Defenses |
| 15:45 | Witch Doctor Master Training |
| 15:45 | Troll Witch Doctor |
| 15:46 | Troll Witch Doctor |
| 15:46 | Troll Witch Doctor |
| 15:46 | Troll Witch Doctor |
| 15:52 | Orb of Lightning |
| 15:59 | Healing Salve |
| 16:45 | Potion of Healing |
| 16:47 | Healing Salve |
| 17:25 | Spiked Barricades |
| 17:37 | Watch Tower |
| 18:45 | Wind Walk |
| 19:08 | Tiny Great Hall |
| 19:12 | Lesser Clarity Potion |
| 21:04 | Great Hall |
| 21:30 | Tiny Great Hall |
| 22:08 | War Mill |
| 24:20 | Watch Tower |
| 25:47 | Watch Tower |
| 26:21 | Lesser Clarity Potion |
| 26:28 | Orb of Lightning |
| 27:27 | Critical Strike |
| 28:00 | Potion of Mana |
| 28:02 | Lesser Clarity Potion |
| Right click | 1284 |
| Select | 184 |
| Misc. action | 158 |
| Select group | 120 |
| Build/train/purchase | 102 |
| Resource trade | 76 |
| Chat | 25 |
| Use ability | 17 |
| Item give/drop | 4 |
| Minimap ping | 4 |
| Esc | 2 |
| Assign group | 1 |


| Lesser Clarity Potion | 1 | 70 |
| Healing Salve | 1 | 100 |
| total: | 2 | 170g |
| Peasant | 23 | 1725 | / | 0 |
| Mortar Team | 3 | 540 | / | 210 |
| Flying Machine | 17 | 1700 | / | 510 |
| total: | 43 | 3965g | / | 720w |
| Scout Tower | 30 | 900 | / | 600 |
| Arcane Tower | 3 | 210 | / | 150 |
| Guard Tower | 9 | 630 | / | 450 |
| Altar of Kings | 1 | 180 | / | 50 |
| Farm | 22 | 1760 | / | 440 |
| Lumber Mill | 2 | 240 | / | 0 |
| Town Hall | 1 | 385 | / | 205 |
| Blacksmith | 2 | 280 | / | 120 |
| Cannon Tower | 1 | 120 | / | 100 |
| Workshop | 3 | 420 | / | 420 |
| Keep | 1 | 320 | / | 210 |
| Castle | 1 | 360 | / | 210 |
| total: | 61 | 4165g | / | 1835w |
| 0:02 | Peasant |
| 0:08 | Peasant |
| 0:19 | Altar of Kings |
| 0:20 | Peasant |
| 0:33 | Farm |
| 0:35 | Peasant |
| 0:49 | Lumber Mill |
| 0:50 | Peasant |
| 0:51 | Peasant |
| 0:59 | Peasant |
| 1:02 | Farm |
| 1:05 | Scout Tower |
| 1:09 | Scout Tower |
| 1:21 | Peasant |
| 1:31 | Peasant |
| 1:48 | Arcane Tower |
| 1:50 | Peasant |
| 1:59 | Peasant |
| 2:02 | Improved Lumber Harvesting |
| 2:02 | Improved Masonry |
| 2:09 | Farm |
| 2:17 | Storm Bolt |
| 2:20 | Peasant |
| 2:35 | Peasant |
| 3:11 | Peasant |
| 3:11 | Peasant |
| 3:37 | Town Hall |
| 3:41 | Scout Tower |
| 3:43 | Scout Tower |
| 3:46 | Scout Tower |
| 3:47 | Scout Tower |
| 3:53 | Scout Tower |
| 3:54 | Scout Tower |
| 3:55 | Scout Tower |
| 3:57 | Peasant |
| 3:57 | Peasant |
| 4:14 | Arcane Tower |
| 4:16 | Scout Tower |
| 4:17 | Scout Tower |
| 4:18 | Guard Tower |
| 4:20 | Peasant |
| 4:22 | Guard Tower |
| 4:44 | Guard Tower |
| 5:18 | Peasant |
| 5:20 | Guard Tower |
| 5:21 | Peasant |
| 5:25 | Peasant |
| 5:29 | Healing Salve |
| 5:31 | Lesser Clarity Potion |
| 5:52 | Peasant |
| 6:07 | Blacksmith |
| 6:09 | Keep |
| 6:14 | Peasant |
| 6:35 | Scout Tower |
| 6:37 | Scout Tower |
| 6:48 | Bash |
| 6:49 | Bash |
| 6:56 | Blacksmith |
| 6:58 | Scout Tower |
| 6:59 | Scout Tower |
| 7:04 | Guard Tower |
| 7:06 | Farm |
| 7:07 | Farm |
| 7:08 | Guard Tower |
| 8:33 | Castle |
| 8:34 | Workshop |
| 8:35 | Black Gunpowder |
| 8:37 | Advanced Lumber Harvesting |
| 8:49 | Guard Tower |
| 8:51 | Workshop |
| 9:07 | Scout Tower |
| 9:08 | Scout Tower |
| 9:09 | Scout Tower |
| 9:10 | Scout Tower |
| 9:11 | Scout Tower |
| 9:12 | Scout Tower |
| 9:16 | Advanced Masonry |
| 9:29 | Workshop |
| 9:39 | Refined Gunpowder |
| 9:40 | Mortar Team |
| 10:23 | Holy Light |
| 11:17 | Flare |
| 11:17 | Fragmentation Shards |
| 11:18 | Flying Machine Bombs |
| 11:18 | Flak Cannons |
| 11:21 | Farm |
| 11:21 | Farm |
| 11:22 | Farm |
| 11:23 | Farm |
| 11:24 | Farm |
| 11:49 | Guard Tower |
| 11:51 | Scout Tower |
| 11:52 | Scout Tower |
| 11:53 | Scout Tower |
| 11:53 | Scout Tower |
| 11:56 | Mortar Team |
| 12:03 | Cannon Tower |
| 12:04 | Arcane Tower |
| 12:07 | Imbued Masonry |
| 12:23 | Imbued Gunpowder |
| 12:34 | Farm |
| 12:35 | Farm |
| 13:14 | Flying Machine |
| 13:14 | Flying Machine |
| 13:14 | Flying Machine |
| 13:14 | Flying Machine |
| 13:14 | Flying Machine |
| 13:15 | Flying Machine |
| 13:15 | Flying Machine |
| 13:50 | Flying Machine |
| 13:50 | Flying Machine |
| 13:54 | Lumber Mill |
| 14:22 | Iron Plating |
| 14:23 | Flying Machine |
| 14:48 | Mortar Team |
| 14:54 | Scout Tower |
| 14:55 | Scout Tower |
| 14:56 | Scout Tower |
| 14:57 | Scout Tower |
| 14:58 | Scout Tower |
| 15:28 | Flying Machine |
| 15:29 | Flying Machine |
| 15:29 | Flying Machine |
| 15:29 | Flying Machine |
| 15:29 | Flying Machine |
| 15:29 | Flying Machine |
| 15:31 | Flying Machine |
| 16:04 | Farm |
| 16:05 | Farm |
| 16:06 | Farm |
| 16:07 | Farm |
| 16:07 | Farm |
| 18:16 | Farm |
| 18:17 | Farm |
| 18:17 | Farm |
| 18:20 | Farm |
| 18:22 | Farm |
| 21:09 | Storm Bolt |
| 21:10 | Divine Shield |
| 21:11 | Divine Shield |
| 21:16 | Guard Tower |
| 21:42 | Steel Plating |
| 21:44 | Studded Leather Armor |
| 28:50 | Bash |
| 28:51 | Holy Light |
| Right click | 1567 |
| Select group | 581 |
| Select | 361 |
| Build/train/purchase | 105 |
| Use ability | 90 |
| Misc. action | 53 |
| Esc | 15 |
| Resource trade | 14 |
| Assign group | 9 |
| Minimap ping | 5 |
| Remove unit | 1 |
117 units @ 14.2k
/ 1.7k
92 buildings @ 14.7k
/ 7.5k


| Orb of Lightning | 2 | 750 |
| Lesser Clarity Potion | 1 | 70 |
| Potion of Healing | 1 | 150 |
| Potion of Mana | 1 | 200 |
| total: | 5 | 1170g |
| Peon | 14 | 1050 | / | 0 |
| Tauren | 6 | 1680 | / | 480 |
| Shaman | 11 | 1430 | / | 220 |
| total: | 31 | 4160g | / | 700w |
| Altar of Storms | 1 | 180 | / | 50 |
| Orc Burrow | 9 | 1440 | / | 360 |
| War Mill | 1 | 205 | / | 0 |
| Voodoo Lounge | 1 | 130 | / | 30 |
| Great Hall | 1 | 385 | / | 185 |
| Tauren Totem | 4 | 540 | / | 620 |
| Spirit Lodge | 2 | 300 | / | 300 |
| Stronghold | 1 | 315 | / | 190 |
| Fortress | 1 | 325 | / | 190 |
| total: | 19 | 3180g | / | 1545w |
| 0:02 | Peon |
| 0:07 | Altar of Storms |
| 0:11 | Orc Burrow |
| 0:14 | Peon |
| 0:17 | Peon |
| 0:29 | Peon |
| 0:51 | War Mill |
| 0:58 | Peon |
| 0:58 | Peon |
| 1:03 | Peon |
| 1:03 | Peon |
| 1:12 | Peon |
| 1:13 | Peon |
| 1:18 | Peon |
| 1:26 | Peon |
| 2:09 | Mirror Image |
| 2:20 | Stronghold |
| 2:24 | Orc Burrow |
| 2:28 | Voodoo Lounge |
| 2:48 | Orc Burrow |
| 3:02 | Orc Burrow |
| 4:22 | Critical Strike |
| 4:44 | Fortress |
| 4:54 | Tauren Totem |
| 4:57 | Tauren Totem |
| 5:02 | Tauren Totem |
| 5:15 | Tauren Totem |
| 5:43 | Spirit Lodge |
| 5:47 | Feral Spirit |
| 6:38 | Spirit Lodge |
| 6:59 | Shaman Adept Training |
| 7:02 | Orc Burrow |
| 7:26 | Tauren |
| 7:50 | Tauren |
| 7:54 | Peon |
| 7:55 | Peon |
| 8:14 | Orb of Lightning |
| 9:35 | Mirror Image |
| 9:40 | Tauren |
| 9:42 | Shaman Master Training |
| 9:43 | Shaman |
| 9:44 | Shaman |
| 9:47 | Chain Lighting |
| 9:50 | Chain Lighting |
| 11:34 | Shaman |
| 12:12 | Orc Burrow |
| 13:29 | Shaman |
| 13:33 | Tauren |
| 13:33 | Pulverize |
| 15:22 | Tauren |
| 15:25 | Steel Armor |
| 17:17 | Shaman |
| 17:19 | Shaman |
| 17:21 | Tauren |
| 17:24 | Shaman |
| 17:24 | Shaman |
| 20:13 | Orc Burrow |
| 21:25 | Wind Walk |
| 21:30 | Shaman |
| 21:34 | Shaman |
| 22:40 | Orc Burrow |
| 22:43 | Lesser Clarity Potion |
| 22:44 | Orb of Lightning |
| 22:47 | Potion of Healing |
| 22:47 | Potion of Mana |
| 24:18 | Orc Burrow |
| 24:20 | Shaman |
| 26:32 | Great Hall |
| 26:39 | Spiked Barricades |
| 26:40 | Reinforced Defenses |
| Right click | 2025 |
| Select group | 1889 |
| Select | 466 |
| Build/train/purchase | 132 |
| Assign group | 24 |
| Use ability | 13 |
| Minimap ping | 2 |
| Item give/drop | 1 |


| Healing Salve | 6 | 600 |
| Lesser Clarity Potion | 5 | 350 |
| Scroll of Speed | 1 | 50 |
| Orb of Lightning | 2 | 750 |
| Potion of Mana | 2 | 400 |
| Potion of Healing | 2 | 300 |
| Circlet of Nobility | 1 | 175 |
| Boots of Speed | 1 | 250 |
| Staff of Teleportation | 1 | 150 |
| total: | 21 | 3025g |
| Peon | 40 | 3000 | / | 0 |
| Grunt | 8 | 1600 | / | 0 |
| Demolisher | 3 | 660 | / | 150 |
| Troll Batrider | 17 | 2720 | / | 680 |
| Troll Headhunter | 2 | 280 | / | 40 |
| Forest Troll Shadow Priest | 1 | 195 | / | 10 |
| total: | 71 | 8455g | / | 880w |
| Watch Tower | 36 | 3960 | / | 2880 |
| Altar of Storms | 1 | 180 | / | 50 |
| Orc Burrow | 5 | 800 | / | 200 |
| Barracks | 6 | 1080 | / | 300 |
| Voodoo Lounge | 4 | 520 | / | 120 |
| Great Hall | 7 | 2695 | / | 1295 |
| War Mill | 1 | 205 | / | 0 |
| Beastiary | 6 | 870 | / | 840 |
| Stronghold | 2 | 630 | / | 380 |
| Fortress | 1 | 325 | / | 190 |
| total: | 66 | 10310g | / | 5685w |
| 0:19 | Peon |
| 0:19 | Peon |
| 0:19 | Peon |
| 0:21 | Altar of Storms |
| 0:26 | Orc Burrow |
| 0:39 | Barracks |
| 0:42 | Peon |
| 1:06 | Peon |
| 1:28 | Peon |
| 1:44 | Grunt |
| 1:57 | Orc Burrow |
| 2:13 | Grunt |
| 2:38 | Grunt |
| 2:40 | Peon |
| 2:45 | Critical Strike |
| 2:54 | Voodoo Lounge |
| 3:23 | Grunt |
| 3:24 | Pillage |
| 3:34 | Circlet of Nobility |
| 4:15 | Orc Burrow |
| 4:16 | Grunt |
| 4:31 | Peon |
| 4:42 | Wind Walk |
| 5:34 | Great Hall |
| 5:42 | War Mill |
| 5:43 | Orc Burrow |
| 5:45 | Healing Salve |
| 5:50 | Lesser Clarity Potion |
| 5:52 | Scroll of Speed |
| 5:54 | Healing Salve |
| 6:15 | Peon |
| 6:41 | Voodoo Lounge |
| 6:42 | Barracks |
| 6:49 | Forest Troll Shadow Priest |
| 7:06 | Critical Strike |
| 7:24 | Stronghold |
| 7:26 | Spiked Barricades |
| 7:28 | Watch Tower |
| 7:58 | Grunt |
| 7:59 | Barracks |
| 8:34 | Grunt |
| 8:36 | Watch Tower |
| 8:56 | Grunt |
| 8:57 | Boots of Speed |
| 9:00 | Staff of Teleportation |
| 9:14 | Healing Salve |
| 9:19 | Healing Salve |
| 9:23 | Lesser Clarity Potion |
| 9:39 | Watch Tower |
| 9:44 | Peon |
| 9:44 | Peon |
| 9:44 | Peon |
| 10:03 | Watch Tower |
| 10:24 | Demolisher |
| 10:28 | Peon |
| 10:46 | Watch Tower |
| 11:14 | Watch Tower |
| 11:33 | Demolisher |
| 11:40 | Peon |
| 11:40 | Peon |
| 12:05 | Berserker Strength |
| 12:08 | Peon |
| 12:24 | Voodoo Lounge |
| 12:32 | Watch Tower |
| 12:36 | Peon |
| 12:37 | Peon |
| 12:45 | Peon |
| 12:45 | Peon |
| 13:06 | Watch Tower |
| 13:24 | Fortress |
| 13:35 | Great Hall |
| 13:40 | Watch Tower |
| 13:49 | Healing Salve |
| 13:58 | Lesser Clarity Potion |
| 14:06 | Watch Tower |
| 14:08 | Reinforced Defenses |
| 14:09 | Watch Tower |
| 14:10 | Watch Tower |
| 14:56 | Great Hall |
| 15:21 | Watch Tower |
| 15:22 | Watch Tower |
| 15:24 | Peon |
| 15:24 | Peon |
| 15:24 | Peon |
| 15:24 | Peon |
| 15:25 | Peon |
| 15:25 | Peon |
| 15:25 | Peon |
| 15:34 | Demolisher |
| 15:49 | Watch Tower |
| 15:52 | Great Hall |
| 15:54 | Wind Walk |
| 16:05 | Peon |
| 16:06 | Peon |
| 16:07 | Peon |
| 16:13 | Burning Oil |
| 16:47 | Beastiary |
| 16:48 | Beastiary |
| 16:59 | Watch Tower |
| 17:26 | Watch Tower |
| 17:36 | Beastiary |
| 18:01 | Troll Batrider |
| 18:01 | Troll Batrider |
| 18:22 | Peon |
| 18:23 | Peon |
| 18:25 | Beastiary |
| 18:27 | Troll Headhunter |
| 18:27 | Troll Headhunter |
| 18:43 | Watch Tower |
| 18:45 | Troll Batrider |
| 18:57 | Peon |
| 18:57 | Peon |
| 19:46 | Watch Tower |
| 19:47 | Watch Tower |
| 19:47 | Troll Batrider |
| 19:52 | Breath of Fire |
| 19:59 | Orb of Lightning |
| 20:02 | Lesser Clarity Potion |
| 20:04 | Potion of Mana |
| 20:05 | Potion of Healing |
| 20:17 | Troll Batrider |
| 20:17 | Troll Batrider |
| 20:18 | Troll Batrider |
| 20:18 | Troll Batrider |
| 20:29 | Orb of Lightning |
| 20:29 | Potion of Mana |
| 20:34 | Watch Tower |
| 20:35 | Watch Tower |
| 20:53 | Watch Tower |
| 20:54 | Watch Tower |
| 21:12 | Beastiary |
| 21:21 | Peon |
| 21:21 | Peon |
| 21:21 | Peon |
| 21:29 | Watch Tower |
| 21:47 | Great Hall |
| 22:15 | Drunken Brawler |
| 22:23 | Watch Tower |
| 22:31 | Watch Tower |
| 22:38 | Great Hall |
| 22:41 | Watch Tower |
| 22:56 | Watch Tower |
| 23:07 | Watch Tower |
| 23:13 | Watch Tower |
| 23:42 | Orc Burrow |
| 23:45 | Watch Tower |
| 23:49 | Liquid Fire |
| 24:13 | Troll Batrider |
| 24:47 | Watch Tower |
| 24:48 | Troll Batrider |
| 24:55 | Troll Batrider |
| 24:57 | Watch Tower |
| 24:58 | Voodoo Lounge |
| 25:15 | Beastiary |
| 25:17 | Barracks |
| 25:33 | Lesser Clarity Potion |
| 25:35 | Potion of Healing |
| 25:37 | Healing Salve |
| 25:58 | Troll Batrider |
| 26:06 | Watch Tower |
| 26:09 | Troll Batrider |
| 26:28 | Troll Batrider |
| 26:57 | Troll Batrider |
| 27:01 | Troll Batrider |
| 27:09 | Great Hall |
| 27:13 | Peon |
| 27:13 | Peon |
| 27:13 | Peon |
| 27:32 | Wind Walk |
| 28:06 | Troll Batrider |
| 28:16 | Barracks |
| 28:19 | Barracks |
| 28:20 | Stronghold |
| 28:32 | Watch Tower |
| Right click | 1301 |
| Select group | 1172 |
| Select | 495 |
| Misc. action | 335 |
| Build/train/purchase | 274 |
| Use ability | 63 |
| Assign group | 57 |
| Chat | 21 |
| Esc | 11 |
| Minimap ping | 11 |
| Item give/drop | 10 |

| Healing Salve | 1 | 100 |
| Lesser Clarity Potion | 2 | 140 |
| Scroll of Speed | 1 | 50 |
| total: | 4 | 290g |
| Peon | 8 | 600 | / | 0 |
| Troll Headhunter | 7 | 980 | / | 140 |
| total: | 15 | 1580g | / | 140w |
| Altar of Storms | 1 | 180 | / | 50 |
| Orc Burrow | 3 | 480 | / | 120 |
| Voodoo Lounge | 1 | 130 | / | 30 |
| War Mill | 1 | 205 | / | 0 |
| Barracks | 1 | 180 | / | 50 |
| total: | 7 | 1175g | / | 250w |
| 0:04 | Peon |
| 0:04 | Peon |
| 0:04 | Peon |
| 0:09 | Altar of Storms |
| 0:16 | Orc Burrow |
| 0:40 | Peon |
| 0:40 | Peon |
| 0:40 | Peon |
| 0:55 | Voodoo Lounge |
| 1:15 | Peon |
| 1:24 | Peon |
| 1:36 | War Mill |
| 1:47 | Barracks |
| 2:02 | Orc Burrow |
| 2:09 | Healing Salve |
| 2:11 | Feral Spirit |
| 2:15 | Lesser Clarity Potion |
| 2:52 | Troll Headhunter |
| 2:52 | Troll Headhunter |
| 2:52 | Troll Headhunter |
| 2:54 | Steel Ranged Weapons |
| 3:34 | Troll Headhunter |
| 3:48 | Troll Headhunter |
| 4:05 | Troll Headhunter |
| 4:12 | Scroll of Speed |
| 4:16 | Lesser Clarity Potion |
| 4:24 | Troll Headhunter |
| 4:37 | Orc Burrow |
| Right click | 120 |
| Select | 75 |
| Select group | 45 |
| Build/train/purchase | 26 |
| Minimap ping | 8 |
| Use ability | 5 |
| Assign group | 3 |
⇛